[Event "SVK ECo-C Extraliga 2018-19"]
[Site "Slovakia"]
[Date "2018.11.11"]
[Round "2"]
[White "Banas, Kamil"]
[Black "Walter, Szymon"]
[Result "1-0"]
[ECO "B76"]
[WhiteElo "2255"]
[BlackElo "2322"]
[Annotator "NA"]
[PlyCount "35"]
[EventDate "2018.11.10"]
[EventType "team-tourn"]
[EventCountry "SVK"]
[SourceTitle "playchess.com"]
[Source "ChessBase"]
[SourceQuality "1"]
[WhiteTeam "Modra"]
[BlackTeam "Dubnica"]
[TimeControl "40/5400+30:1800+30"]

1. e4 c5 2. Nf3 d6 3. d4 cxd4 4. Nxd4 Nf6 5. Nc3 g6 6. Be3 Bg7 7. f3 O-O 8. Qd2 Nc6 9. O-O-O d5 10. Qe1 e6 11. h4 Qc7 12. h5 Nxh5 13. g4 Nxd4 14. Bxd4 Bxd4 15. Rxd4 Qf4+ 16. Kb1 Nf6 17. Qh4 Bd7 18. Ne2 1-0

[Event "SVK ECo-C Extraliga 2018-19"]
[Site "Slovakia"]
[Date "2018.11.11"]
[Round "2"]
[White "Holtman, Teodor"]
[Black "Haring, Viktor"]
[Result "1-0"]
[ECO "B34"]
[WhiteElo "2234"]
[BlackElo "2314"]
[Annotator "NA"]
[PlyCount "73"]
[EventDate "2018.11.10"]
[EventType "team-tourn"]
[EventCountry "SVK"]
[SourceTitle "playchess.com"]
[Source "ChessBase"]
[SourceQuality "1"]
[WhiteTeam "Snina"]
[BlackTeam "Liptovska"]
[TimeControl "40/5400+30:1800+30"]

1. e4 c5 2. Nc3 Nc6 3. Nf3 Nf6 4. d4 cxd4 5. Nxd4 e5 6. Ndb5 d6 7. a4 a6 8. Na3 Be6 9. Bc4 Rc8 10. Bg5 Be7 {[%emt 0:15:09] B33: Sicilian: Pelikan and Sveshnikov Variations} (10... Nd4 11. Nd5 Qa5+ 12. Bd2 Qd8 13. Bg5 Qa5+ {½-½ (13) Papp,G (2509)-Vovk,Y (2549) Szombathely 2008}) 11. Bxf6 Bxf6 12. Nd5 {[%emt 0:02:16] LiveBook: 29 Games} Bg5 13. c3 O-O 14. h4 Bh6 ({Aber nicht} 14... Bxh4 $2 15. Qh5 $18) 15. g4 Bf4 16. Qf3 $11 ({Predecessor:} 16. Nxf4 exf4 17. Bxe6 fxe6 {0-1 (26) Walker,P-Ledger,S (2165) London 1999}) 16... Ne7 17. Nxf4 Bxc4 18. Nxc4 Rxc4 19. Ne2 {[%emt 0:10:08] [#]} Qb6 $1 20. Qd3 Rfc8 21. a5 Qxb2 22. O-O Qb5 23. Qxd6 Ng6 24. h5 Nh4 25. Rab1 Qxa5 26. Rxb7 Rxe4 27. Ng3 Nf3+ 28. Kg2 Rec4 29. Kxf3 Qxc3+ 30. Kg2 Rxg4 31. Rb8 h6 32. Rxc8+ Qxc8 33. Rb1 Qc2 34. Rb8+ Kh7 35. Qd8 Qe4+ 36. Kf1 Qc4+ 37. Ne2 1-0

[Event "SVK ECo-C Extraliga 2018-19"]
[Site "Slovakia"]
[Date "2018.11.11"]
[Round "2"]
[White "Molnar, Erno"]
[Black "Franzen, Jozef"]
[Result "1-0"]
[ECO "B06"]
[WhiteElo "2233"]
[BlackElo "2239"]
[Annotator "NA"]
[PlyCount "73"]
[EventDate "2018.11.10"]
[EventType "team-tourn"]
[EventCountry "SVK"]
[SourceTitle "playchess.com"]
[Source "ChessBase"]
[SourceQuality "1"]
[WhiteTeam "Komarno"]
[BlackTeam "Slovan"]
[TimeControl "40/5400+30:1800+30"]

1. e4 g6 2. d4 Bg7 3. Nc3 d6 4. f4 c6 5. Nf3 Bg4 6. Be3 Qb6 7. Qd2 Bxf3 8. gxf3 Nd7 9. O-O-O Qa5 10. Kb1 O-O-O 11. Bc4 e6 12. Bb3 Kb8 13. Rhg1 Ne7 14. f5 exf5 15. Bxf7 Rhf8 16. Bb3 fxe4 17. fxe4 Nf6 18. Rdf1 Qc7 19. a3 Qd7 20. Bh6 Nc8 21. Bg5 Rde8 22. Qd3 Nh5 23. d5 Rxf1+ 24. Rxf1 Qg4 25. h4 c5 26. Qb5 Rf8 27. Rxf8 Bxf8 28. Qe8 Bg7 29. Nb5 c4 30. Ba4 Qg1+ 31. Ka2 Qc5 32. Bd8 b6 33. Qd7 Nf6 34. Qxg7 a6 35. Bc7+ Ka8 36. Bxd6 Ne8 37. Nc7+ 1-0

[Event "SVK ECo-C Extraliga 2018-19"]
[Site "Slovakia"]
[Date "2018.11.11"]
[Round "2"]
[White "Gazik, Igor"]
[Black "Farkas, Gabor"]
[Result "1-0"]
[ECO "B26"]
[WhiteElo "2220"]
[BlackElo "2373"]
[Annotator "NA"]
[PlyCount "115"]
[EventDate "2018.11.10"]
[EventType "team-tourn"]
[EventCountry "SVK"]
[SourceTitle "playchess.com"]
[Source "ChessBase"]
[SourceQuality "1"]
[WhiteTeam "Podhajska"]
[BlackTeam "Streda"]
[TimeControl "40/5400+30:1800+30"]

1. e4 c5 2. Nc3 Nc6 3. g3 g6 4. Bg2 Bg7 5. d3 d6 6. Be3 Nf6 7. h3 O-O 8. Nge2 Rb8 9. Qd2 b5 10. O-O b4 11. Nd1 Ne8 12. Bh6 Nd4 13. Bxg7 Nxg7 14. Nxd4 cxd4 15. b3 Qc7 16. a3 a5 17. axb4 axb4 18. Nb2 Qc3 19. Nc4 Be6 20. Qxc3 bxc3 21. Na5 Rfc8 22. e5 Rb6 23. exd6 Rxd6 24. b4 Bd5 25. b5 Bxg2 26. Kxg2 Rb6 27. Nc6 Kf8 28. Nxd4 e5 29. Nc6 Nf5 30. Rfb1 Nd6 31. Nxe5 Rxb5 32. Rxb5 Nxb5 33. Nc4 Nd4 34. Ne3 Nc6 35. Ra4 Ne5 36. Rd4 f5 37. f4 Nf7 38. Rd7 h6 39. Kf3 Rc6 40. Nd5 Rc5 41. Ke3 Rc6 42. Rc7 Re6+ 43. Kf2 Nd8 44. Nxc3 Nc6 45. Ne2 Ke8 46. c3 Kd8 47. Rh7 h5 48. Rb7 Kc8 49. Rg7 Kd8 50. Ng1 Ne7 51. Nf3 Ke8 52. c4 Kf8 53. Rh7 Nc6 54. Rb7 Re8 55. Rb6 Ne7 56. Ne5 Rd8 57. Ke3 Kg7 58. Rb7 1-0

[Event "SVK ECo-C Extraliga 2018-19"]
[Site "Slovakia"]
[Date "2018.11.11"]
[Round "2"]
[White "Fiacan, Robert"]
[Black "Macko, Michal"]
[Result "1-0"]
[ECO "B23"]
[WhiteElo "2213"]
[BlackElo "2178"]
[Annotator "NA"]
[PlyCount "93"]
[EventDate "2018.11.10"]
[EventType "team-tourn"]
[EventCountry "SVK"]
[SourceTitle "playchess.com"]
[Source "ChessBase"]
[SourceQuality "1"]
[WhiteTeam "Snina"]
[BlackTeam "Liptovska"]
[TimeControl "40/5400+30:1800+30"]

1. e4 c5 2. Nc3 a6 3. Bc4 e6 4. d3 b5 5. Bb3 {[%emt 0:02:21] LiveBook: 5 Games} Nc6 6. f4 Nd4 7. Nf3 Nxb3 8. axb3 Bb7 9. O-O Nf6 10. e5 b4 11. Ne2 (11. exf6 $14 bxc3 12. bxc3) 11... Nd5 12. Ng3 g6 13. Ne4 f5 14. Neg5 (14. exf6 $5 Nxf6 15. Nfg5 $11) 14... h6 15. Nh3 Qc7 $15 16. Qe2 Kf7 17. Nd2 Nb6 18. Nf2 d5 19. d4 a5 20. Nf3 Ba6 21. Nd3 c4 22. bxc4 dxc4 23. Nc5 Bxc5 24. dxc5 Nd5 25. Qf2 Rac8 26. c6 c3 27. Rd1 Bb5 28. bxc3 Bxc6 29. cxb4 Nc3 30. Rd4 a4 31. Rc4 Ne4 32. Qe3 Qb7 33. Nd4 Bb5 34. Rxc8 Rxc8 35. Bb2 Rc7 36. h4 Bd7 37. c3 Qc8 38. b5 Nxc3 39. h5 gxh5 40. b6 Nd5 41. Qf3 Nxb6 42. Qxh5+ Kg7 43. Nxf5+ exf5 44. e6+ Rc3 45. Qf7+ Kh8 46. exd7 Nxd7 47. Rc1 1-0

[Event "SVK ECo-C Extraliga 2018-19"]
[Site "Slovakia"]
[Date "2018.11.11"]
[Round "2"]
[White "Jozefek, Michal"]
[Black "Kantorik, Marian"]
[Result "0-1"]
[ECO "D35"]
[WhiteElo "2207"]
[BlackElo "2209"]
[Annotator "NA"]
[PlyCount "44"]
[EventDate "2018.11.10"]
[EventType "team-tourn"]
[EventCountry "SVK"]
[SourceTitle "playchess.com"]
[Source "ChessBase"]
[SourceQuality "1"]
[WhiteTeam "Osuske"]
[BlackTeam "Dunajov"]
[TimeControl "40/5400+30:1800+30"]

1. d4 d5 2. c4 e6 3. Nc3 Nf6 4. cxd5 exd5 5. Bg5 Be7 6. e3 O-O 7. Bd3 c6 8. Qc2 h6 9. Bh4 Re8 10. Nf3 Ne4 11. Bxe4 Bxh4 12. Bh7+ Kh8 13. Bd3 Rxe3+ 14. Kd2 Re8 15. Rae1 Be6 16. Re2 Nd7 17. Rhe1 Bf6 18. Kc1 c5 19. dxc5 Nxc5 20. Bb5 Re7 21. Rd2 Qa5 22. Bf1 Rc8 0-1

[Event "SVK ECo-C Extraliga 2018-19"]
[Site "Slovakia"]
[Date "2018.11.11"]
[Round "2"]
[White "Kovac, Andrej"]
[Black "Bottyan, Peter"]
[Result "1-0"]
[ECO "A01"]
[WhiteElo "2206"]
[BlackElo "2187"]
[Annotator "NA"]
[PlyCount "57"]
[EventDate "2018.11.10"]
[EventType "team-tourn"]
[EventCountry "SVK"]
[SourceTitle "playchess.com"]
[Source "ChessBase"]
[SourceQuality "1"]
[WhiteTeam "Slovan"]
[BlackTeam "Komarno"]
[TimeControl "40/5400+30:1800+30"]

1. b3 e5 2. Bb2 Nc6 3. e3 d5 4. Bb5 f6 5. f4 exf4 6. exf4 Bc5 7. Nc3 Qe7+ 8. Nge2 Be6 9. f5 Bxf5 10. d4 Bb4 11. O-O Be4 12. Nxe4 Qxe4 13. Ng3 Qe3+ 14. Kh1 Nge7 15. a3 Bd6 16. Nf5 Qg5 17. Bxc6+ Nxc6 18. Qe2+ Kd7 19. Qb5 Rae8 20. Nxd6 Kxd6 21. Bc1 Qg4 22. Bf4+ Kd7 23. Qxb7 Rc8 24. Rae1 g5 25. Bg3 Qxd4 26. Bf2 Qg4 27. Qb5 Qf5 28. Bg3 a6 29. Qc5 1-0

[Event "SVK ECo-C Extraliga 2018-19"]
[Site "Slovakia"]
[Date "2018.11.11"]
[Round "2"]
[White "Motycakova, Monika"]
[Black "Pcola st., Jaroslav"]
[Result "1-0"]
[ECO "B36"]
[WhiteElo "2148"]
[BlackElo "2113"]
[Annotator "NA"]
[PlyCount "77"]
[EventDate "2018.11.10"]
[EventType "team-tourn"]
[EventCountry "SVK"]
[SourceTitle "playchess.com"]
[Source "ChessBase"]
[SourceQuality "1"]
[WhiteTeam "Liptovska"]
[BlackTeam "Snina"]
[TimeControl "40/5400+30:1800+30"]

1. e4 c5 2. Nf3 Nc6 3. d4 cxd4 4. Nxd4 g6 5. c4 Nf6 6. Nc3 Nxd4 7. Qxd4 d6 8. Be2 Bg7 9. Be3 O-O 10. Qd2 a5 11. O-O Bd7 12. f3 Bc6 13. b3 Nd7 14. Rab1 Nc5 {[%emt 0:03:09] LiveBook: 19 Games} 15. Rfc1 Re8 16. Rc2 Qb6 17. Bf1 Rec8 18. Qf2 Qd8 $14 19. Qd2 Be5 20. a3 a4 21. b4 Ne6 22. b5 Bxc3 23. Qxc3 Be8 24. e5 Qc7 25. exd6 exd6 26. Rd2 Qe7 27. Qb4 Nc5 28. Bf2 b6 29. Bd4 f6 30. Re2 Qd8 31. Rbe1 Bf7 32. Re7 Rc7 33. Bxf6 Rxe7 34. Rxe7 Qf8 35. Qc3 Re8 36. Rxe8 Qxe8 37. Qd2 Qe6 38. Bb2 Nb3 39. Qh6 1-0

[Event "SVK ECo-C Extraliga 2018-19"]
[Site "Slovakia"]
[Date "2018.11.11"]
[Round "2"]
[White "Cajka, Tibor"]
[Black "Hanko, Pavol"]
[Result "0-1"]
[ECO "B81"]
[WhiteElo "2116"]
[BlackElo "2086"]
[Annotator "NA"]
[PlyCount "88"]
[EventDate "2018.11.10"]
[EventType "team-tourn"]
[EventCountry "SVK"]
[SourceTitle "playchess.com"]
[Source "ChessBase"]
[SourceQuality "1"]
[WhiteTeam "Osuske"]
[BlackTeam "Dunajov"]
[TimeControl "40/5400+30:1800+30"]

1. e4 c5 2. Nf3 e6 3. d4 cxd4 4. Nxd4 Nf6 5. Nc3 d6 6. g4 h6 7. h4 h5 8. g5 Ng4 9. Be2 Nc6 10. Bxg4 hxg4 11. Nxc6 bxc6 12. e5 dxe5 13. Qxg4 Qd4 14. Qf3 Bb7 15. Be3 Qb4 16. O-O-O c5 17. Qh3 Bxh1 18. Qxh1 Rc8 19. h5 Qb6 20. h6 Rd8 21. Rxd8+ Kxd8 22. Qa8+ Kd7 23. Na4 Qa5 24. Qb7+ Qc7 25. hxg7 Bxg7 26. Nxc5+ Kd8 27. Qe4 Ke8 28. Na6 Qd8 29. g6 Bh6 30. gxf7+ Kxf7 31. Nc5 Qd5 32. Bxh6 Rxh6 33. Qxd5 exd5 34. Nd3 Ke6 35. Kd2 Rh8 36. c3 Rb8 37. b4 d4 38. c4 Kf5 39. f3 Rh8 40. a4 Rh2+ 41. Kd1 e4 42. fxe4+ Kxe4 43. Ne1 Rb2 44. b5 Rb4 0-1

[Event "SVK ECo-C Extraliga 2018-19"]
[Site "Slovakia"]
[Date "2018.11.11"]
[Round "2"]
[White "Mydlarik, Martin"]
[Black "Kovacik, Emil"]
[Result "1/2-1/2"]
[ECO "A13"]
[WhiteElo "2110"]
[BlackElo "2060"]
[Annotator "NA"]
[PlyCount "44"]
[EventDate "2018.11.10"]
[EventType "team-tourn"]
[EventCountry "SVK"]
[SourceTitle "playchess.com"]
[Source "ChessBase"]
[SourceQuality "1"]
[WhiteTeam "Modra"]
[BlackTeam "Dubnica"]
[TimeControl "40/5400+30:1800+30"]

1. c4 e6 2. g3 d5 3. Bg2 Nf6 4. Nf3 dxc4 5. Qa4+ Nbd7 6. Qxc4 c5 7. d3 a6 8. Qc2 Ra7 9. O-O b6 10. Nbd2 Bb7 11. Nc4 Be7 12. Bf4 O-O 13. Rac1 Nd5 14. Bd2 Qa8 15. a3 a5 16. a4 Nb4 17. Qb1 Bc6 18. b3 Rd8 19. Bc3 Nd5 20. Bb2 Bf6 21. Bxf6 N5xf6 22. Qb2 Rc7 1/2-1/2

[Event "SVK ECo-C Extraliga 2018-19"]
[Site "Slovakia"]
[Date "2018.12.08"]
[Round "3"]
[White "Manik, Mikulas"]
[Black "Chovan, Milan"]
[Result "1-0"]
[ECO "C78"]
[WhiteElo "2404"]
[BlackElo "2332"]
[Annotator "NA"]
[PlyCount "67"]
[EventDate "2018.11.10"]
[EventType "team-tourn"]
[EventCountry "SVK"]
[SourceTitle "playchess.com"]
[Source "ChessBase"]
[SourceQuality "1"]
[WhiteTeam "Prakovce"]
[BlackTeam "Podhajska"]
[TimeControl "40/5400+30:1800+30"]

1. e4 e5 2. Nf3 Nc6 3. Bb5 a6 4. Ba4 Nf6 5. O-O b5 6. Bb3 Bb7 7. Nc3 Be7 8. d3 O-O 9. Bd2 d6 10. Nd5 Nxd5 11. Bxd5 Qc8 12. Re1 Bf6 13. Bg5 Bxg5 14. Nxg5 g6 15. c3 h6 16. Nf3 Kg7 17. d4 Re8 18. Rc1 Na5 19. Bxb7 Qxb7 20. b3 Qb6 21. Re3 Rad8 22. d5 c6 23. Nh4 cxd5 24. exd5 Qc7 25. Rg3 Kh7 26. Qd2 Qd7 27. c4 Nb7 28. cxb5 axb5 29. Rh3 g5 30. Rc7 Qxc7 31. Nf5 Kg6 32. Rxh6+ Kxf5 33. g4+ Kxg4 34. Qe2+ 1-0

[Event "SVK ECo-C Extraliga 2018-19"]
[Site "Slovakia"]
[Date "2018.12.08"]
[Round "3"]
[White "Rojicek, Vojtech"]
[Black "Motuz, Karol"]
[Result "1/2-1/2"]
[ECO "A13"]
[WhiteElo "2389"]
[BlackElo "2367"]
[Annotator "NA"]
[PlyCount "40"]
[EventDate "2018.11.10"]
[EventType "team-tourn"]
[EventCountry "SVK"]
[SourceTitle "playchess.com"]
[Source "ChessBase"]
[SourceQuality "1"]
[WhiteTeam "Liptovska"]
[BlackTeam "Dubnica"]
[TimeControl "40/5400+30:1800+30"]

1. c4 Nf6 2. g3 e6 3. Bg2 d5 4. Nf3 dxc4 {[%emt 0:01:54] LiveBook: 3496 Games} 5. Qa4+ Nbd7 6. Qxc4 a6 7. Qc2 c5 8. O-O b5 9. a4 Bb7 10. axb5 axb5 11. Rxa8 Qxa8 12. Na3 Bc6 {[%emt 0:08:01] A13: English Opening: 1...e6} 13. d3 (13. Ne1 Nd5 14. d4 Be7 15. dxc5 Nxc5 16. Bxd5 exd5 17. Nd3 Nxd3 18. Qxd3 b4 19. Nc2 O-O 20. Bd2 {½-½ (30) Van Foreest,J (2640)-Christiansen,J (2506) Pardubice 2018}) 13... Be7 14. Bd2 O-O 15. Rc1 Rc8 16. Ne1 Nd5 17. Qb3 $146 ({Predecessor:} 17. Qb1 Bf6 18. Nac2 Qa4 19. e4 N5b6 20. Ne3 {0-1 (66) Frisk,E (2302)-Bekker Jensen,S (2442) Borup 2014}) 17... Qb7 18. Nc4 bxc4 19. Qxb7 Bxb7 20. dxc4 $11 Rb8 1/2-1/2

[Event "SVK ECo-C Extraliga 2018-19"]
[Site "Slovakia"]
[Date "2018.12.08"]
[Round "3"]
[White "Bures, Jaroslav"]
[Black "Gasa, Andrej"]
[Result "1-0"]
[ECO "B95"]
[WhiteElo "2388"]
[BlackElo "2288"]
[Annotator "NA"]
[PlyCount "97"]
[EventDate "2018.11.10"]
[EventType "team-tourn"]
[EventCountry "SVK"]
[SourceTitle "playchess.com"]
[Source "ChessBase"]
[SourceQuality "1"]
[WhiteTeam "Slovan"]
[BlackTeam "Osuske"]
[TimeControl "40/5400+30:1800+30"]

1. e4 c5 2. Nf3 d6 3. d4 cxd4 4. Nxd4 Nf6 5. Nc3 a6 6. Bg5 e6 7. Qf3 Be7 8. O-O-O Qc7 9. Qg3 {[%emt 0:02:05] LiveBook: 25 Games} Nc6 {[%emt 0:01:49] B95: Sicilian Najdorf: 6 Bg5 e6, unusual White 7th moves} (9... Bd7 10. f4 h6 11. Bh4 Nc6 12. Be2 O-O-O 13. f5 Rhg8 14. Qh3 Nxd4 15. Rxd4 Kb8 16. Rhd1 Ka8 17. Bf2 Rc8 18. Kb1 d5 19. exd5 Nxd5 20. Rxd5 exd5 21. Rxd5 {½-½ (36) Kosteniuk,A (2542)-Ushenina,A (2458) Khanty-Mansiysk 2017}) 10. Bxf6 gxf6 11. Qg7 $146 ({Predecessor:} 11. f4 Nxd4 12. Rxd4 b5 13. Be2 Bd7 14. Qg7 Rf8 15. Qxh7 Rb8 16. Qh5 Qb6 17. Rhd1 {1-0 (49) Sharma,D (2365)-Hemant,S (2237) Bhiwani 2010}) 11... Rf8 12. Qxh7 Nxd4 13. Rxd4 Qc5 14. Rd2 b5 15. h4 Bb7 16. f3 b4 17. Nd1 $1 a5 18. Qh6 O-O-O 19. Ne3 Kb8 20. Ng4 f5 21. exf5 Qxf5 22. Bd3 Qc5 23. Qg7 Qh5 24. Nh6 Rde8 25. g4 Qd5 26. Kb1 Qxf3 27. Rf1 Qe3 28. Rdf2 Bxh4 29. Rxf7 Rxf7 30. Nxf7 Bg3 31. Nxd6 Bxd6 32. Qd7 Rg8 33. Qxd6+ Ka7 34. Qc7 Rg5 35. b3 Qd4 36. Rf7 Qg1+ 37. Bf1 Qb6 38. Qg3 Qd4 39. Be2 e5 40. Qh2 e4 41. Qh6 Qg1+ 42. Bf1 Rb5 43. Qc1 Rb6 44. Qg5 Qd4 45. Qxa5+ Kb8 46. Be2 Ba6 47. Rd7 Qe3 48. Qe5+ Ka8 49. Bxa6 1-0

[Event "SVK ECo-C Extraliga 2018-19"]
[Site "Slovakia"]
[Date "2018.12.08"]
[Round "3"]
[White "Csonka, Attila"]
[Black "Banas, Kamil"]
[Result "1-0"]
[ECO "B18"]
[WhiteElo "2352"]
[BlackElo "2248"]
[Annotator "NA"]
[PlyCount "53"]
[EventDate "2018.11.10"]
[EventType "team-tourn"]
[EventCountry "SVK"]
[SourceTitle "playchess.com"]
[Source "ChessBase"]
[SourceQuality "1"]
[WhiteTeam "Streda"]
[BlackTeam "Modra"]
[TimeControl "40/5400+30:1800+30"]

1. e4 c6 2. d4 d5 3. Nc3 dxe4 4. Nxe4 Bf5 5. Ng3 Bg6 6. h4 h6 7. Nh3 e6 8. Nf4 Bh7 $1 9. Bc4 Nf6 10. O-O Bd6 11. c3 {[%emt 0:04:05] LiveBook: 6 Games B18: Classical Caro-Kann: 4...Bf5 sidelines} (11. Nxe6 fxe6 12. Bxe6 Qc7 13. Re1 Nbd7 14. Bh3+ Kd8 15. Nf5 Bxf5 16. Bxf5 Bh2+ 17. Kh1 Bf4 18. Qf3 Bxc1 19. Raxc1 {0-1 (32) Christiansen,J (2495)-Eljanov,P (2711) Riadh 2017}) 11... Qc7 12. Ngh5 Nxh5 13. Nxh5 O-O (13... Rg8 $1 $11) 14. Qg4 Bg6 15. Nxg7 Kxg7 16. h5 Nd7 17. hxg6 fxg6 18. Qxe6 $146 ({Predecessor:} 18. Bxe6 Nf6 {½-½ (34) Gerber,H (1630)-Billing,O (1486) Augsburg 2003}) 18... Nf6 19. Qh3 Nh5 20. Be3 Nf4 21. Bxf4 Rxf4 22. Rae1 Rf5 23. Re6 Raf8 24. Bd3 Rg5 25. Rfe1 $18 Rf4 26. R1e4 Rf8 27. Rg4 1-0

[Event "SVK ECo-C Extraliga 2018-19"]
[Site "Slovakia"]
[Date "2018.12.08"]
[Round "3"]
[White "Jurcik, Martin"]
[Black "Zvarik, Martin"]
[Result "1-0"]
[ECO "C44"]
[WhiteElo "2336"]
[BlackElo "2310"]
[Annotator "NA"]
[PlyCount "119"]
[EventDate "2018.11.10"]
[EventType "team-tourn"]
[EventCountry "SVK"]
[SourceTitle "playchess.com"]
[Source "ChessBase"]
[SourceQuality "1"]
[WhiteTeam "Dunajov"]
[BlackTeam "Zilina"]
[TimeControl "40/5400+30:1800+30"]

1. e4 e5 2. Nf3 Nc6 3. d4 exd4 4. Nxd4 Bc5 5. Nb3 Be7 6. Nc3 Nf6 7. g3 {[%emt 0:06:58] LiveBook: 3 Games} d6 8. Bg2 h5 9. h3 Be6 10. Be3 Ne5 $16 11. Nd4 Nc4 12. Bc1 Nd7 13. Qe2 Ncb6 14. Nd5 Bxd5 15. exd5 Kf8 16. f4 Bf6 17. Be3 Qe8 18. Nb5 Bd8 19. Bd4 Qxe2+ 20. Kxe2 a6 21. Nc3 Bf6 22. Bxf6 Nxf6 23. Kd3 Rh6 24. Bf3 Re8 25. Kd4 Ng8 26. Be4 Ne7 27. Nd1 c5+ 28. dxc6 bxc6 29. c4 d5 30. cxd5 cxd5 31. Bd3 Re6 32. Rc1 Nc6+ 33. Kc3 Rb8 34. b3 d4+ 35. Kd2 Nb4 36. a3 Nxd3 37. Kxd3 Nd7 38. b4 a5 39. Rc4 Rg6 40. Rg1 axb4 41. axb4 Ra8 42. Rxd4 Ra3+ 43. Nc3 Nb6 44. b5 f5 45. Kc2 h4 46. g4 Re6 47. Kd2 Re8 48. gxf5 Rc8 49. Rd3 Rb3 50. Rg6 Nc4+ 51. Kc2 Rb2+ 52. Kc1 Rf2 53. Rc6 Rxc6 54. bxc6 Rxf4 55. Rd8+ Kf7 56. Nd5 Rf1+ 57. Kc2 Na3+ 58. Kb3 Nb5 59. Kc4 Rb1 60. Kc5 1-0

[Event "SVK ECo-C Extraliga 2018-19"]
[Site "Slovakia"]
[Date "2018.12.08"]
[Round "3"]
[White "Jacko, Vladimir"]
[Black "Maslikova, Veronika"]
[Result "1-0"]
[ECO "A41"]
[WhiteElo "2330"]
[BlackElo "2249"]
[Annotator "NA"]
[PlyCount "75"]
[EventDate "2018.11.10"]
[EventType "team-tourn"]
[EventCountry "SVK"]
[SourceTitle "playchess.com"]
[Source "ChessBase"]
[SourceQuality "1"]
[WhiteTeam "Prakovce"]
[BlackTeam "Podhajska"]
[TimeControl "40/5400+30:1800+30"]

1. d4 d6 2. e4 Nd7 3. Nf3 g6 4. Bc4 e6 5. Nc3 Bg7 6. Bg5 Ne7 7. Qd2 h6 8. Bf4 a6 9. a4 b6 10. O-O g5 11. Be3 Ng6 12. Ne2 Nf6 13. Ng3 Qe7 14. Qb4 O-O 15. Rfe1 Re8 16. d5 e5 17. a5 b5 18. Bf1 g4 19. Nd2 Bd7 20. c4 bxc4 21. Qxc4 Nh4 22. Rec1 Rec8 23. Rc3 c5 24. Qa2 Rcb8 25. Nc4 Be8 26. Nb6 Ra7 27. b4 Nd7 28. Nxd7 Qxd7 29. bxc5 dxc5 30. Rxc5 Raa8 31. Rc6 Rc8 32. Rxa6 Rxa6 33. Bxa6 Rc3 34. Qd2 Rb3 35. Bc4 Rb8 36. a6 Bf8 37. a7 Ra8 38. d6 1-0

[Event "SVK ECo-C Extraliga 2018-19"]
[Site "Slovakia"]
[Date "2018.12.08"]
[Round "3"]
[White "Vojtek, Vladimir"]
[Black "Hausner, Ivan"]
[Result "0-1"]
[ECO "B21"]
[WhiteElo "2316"]
[BlackElo "2322"]
[Annotator "NA"]
[PlyCount "100"]
[EventDate "2018.11.10"]
[EventType "team-tourn"]
[EventCountry "SVK"]
[SourceTitle "playchess.com"]
[Source "ChessBase"]
[SourceQuality "1"]
[WhiteTeam "Dubnica"]
[BlackTeam "Liptovska"]
[TimeControl "40/5400+30:1800+30"]

1. e4 c5 2. f4 e6 3. Nf3 Nc6 4. Bb5 Nd4 5. Nxd4 cxd4 6. Qf3 a6 7. Ba4 Qh4+ 8. g3 Qh3 9. c3 Bc5 10. b4 Ba7 11. Bb2 Nf6 12. c4 h5 13. Na3 h4 14. O-O-O Qg4 15. Qd3 b5 16. cxb5 Bb7 17. Rhe1 hxg3 18. hxg3 Rc8+ 19. Kb1 Rh3 20. bxa6 Ba8 21. Nb5 Rxg3 22. Nd6+ Kf8 23. Qxg3 Qxg3 24. Nxc8 Bb8 25. d3 Qxf4 26. Nb6 Qd6 27. Nxa8 Qxa6 28. Rc1 Bf4 29. Rc4 Qxa4 30. Nb6 Qa6 31. Bxd4 Qa3 32. Rd1 Kg8 33. Bb2 Qa6 34. Bxf6 Qxb6 35. Bd4 Qb7 36. a3 g5 37. Rg1 Kh7 38. Ka2 d5 39. exd5 Qxd5 40. Kb3 e5 41. Bc3 Qxd3 42. a4 Be3 43. Rg2 Qd1+ 44. Rc2 f6 45. b5 g4 46. Kb2 Qf3 47. Rh2+ Kg6 48. Rh8 g3 49. Rg8+ Kf5 50. Rc6 g2 0-1

[Event "SVK ECo-C Extraliga 2018-19"]
[Site "Slovakia"]
[Date "2018.12.08"]
[Round "3"]
[White "Haring, Viktor"]
[Black "Bombek, Peter"]
[Result "0-1"]
[ECO "C03"]
[WhiteElo "2314"]
[BlackElo "2217"]
[Annotator "NA"]
[PlyCount "118"]
[EventDate "2018.11.10"]
[EventType "team-tourn"]
[EventCountry "SVK"]
[SourceTitle "playchess.com"]
[Source "ChessBase"]
[SourceQuality "1"]
[WhiteTeam "Liptovska"]
[BlackTeam "Dubnica"]
[TimeControl "40/5400+30:1800+30"]

1. e4 e6 2. d4 d5 3. Nd2 a6 4. Ngf3 c5 5. exd5 exd5 6. dxc5 Bxc5 7. Nb3 $11 {[%emt 0:01:39] LiveBook: 352 Games} Bb6 8. Bd3 Qe7+ 9. Qe2 Nc6 10. Bg5 f6 11. Bf4 Bg4 12. h3 Bxf3 13. gxf3 Qxe2+ 14. Kxe2 Nge7 15. c4 Nd4+ 16. Nxd4 Bxd4 17. Rhe1 dxc4 18. Bxc4 Rc8 19. Be6 Rc6 20. Bb3 Bxb2 21. Rad1 Be5 22. Bxe5 fxe5 23. Kf1 Rf8 24. Rxe5 Rc7 25. Kg2 Rf5 26. Re4 Rg5+ 27. Kf1 g6 28. h4 Rgc5 29. Kg2 Kf8 30. Rd8+ Kg7 31. Kh3 Kh6 32. Be6 Nc6 33. Rf8 Re7 34. Bg8 Rf5 35. Rxf5 gxf5 36. Re3 Rxe3 37. fxe3 b5 38. Kg3 Kg7 39. Bb3 Kf6 40. Bc2 Nb4 41. Bb3 a5 42. a3 a4 43. Bd1 Nd5 44. e4 f4+ 45. Kf2 Ne3 46. Ke2 Ke5 47. Kd2 Nc4+ 48. Kc3 Nxa3 49. Be2 Kd6 50. Kb4 Nc2+ 51. Kc3 Ne1 52. Bxb5 Nxf3 53. Bxa4 Nxh4 54. Kd4 Nf3+ 55. Kd3 Ke5 56. Bd7 Ng5 57. Bf5 h5 58. Ke2 Nxe4 59. Bg6 h4 0-1

[Event "SVK ECo-C Extraliga 2018-19"]
[Site "Slovakia"]
[Date "2018.12.08"]
[Round "3"]
[White "Holtman, Teodor"]
[Black "Janko, Zoltan"]
[Result "1-0"]
[ECO "B30"]
[WhiteElo "2273"]
[BlackElo "2261"]
[Annotator "NA"]
[PlyCount "67"]
[EventDate "2018.11.10"]
[EventType "team-tourn"]
[EventCountry "SVK"]
[SourceTitle "playchess.com"]
[Source "ChessBase"]
[SourceQuality "1"]
[WhiteTeam "Snina"]
[BlackTeam "Komarno"]
[TimeControl "40/5400+30:1800+30"]

1. e4 c5 2. Nf3 Nc6 3. Nc3 a6 4. d4 cxd4 5. Nxd4 e5 6. Nf5 d6 7. Bc4 Be6 8. Bf1 Bc8 9. Bc4 Be6 10. Nd5 {[%emt 0:03:42] LiveBook: 3 Games} g6 11. Nfe3 b5 12. Be2 Bg7 13. O-O Nd4 14. a4 Ne7 15. Nxe7 Kxe7 $16 16. Bg4 f5 17. exf5 gxf5 18. Bh3 Qd7 19. axb5 f4 20. Nd5+ Kf7 21. Qh5+ Kf8 22. Nb6 Qxb5 23. Bxe6 Nxe6 24. Nxa8 Ke7 25. Bd2 Rxa8 26. Qxh7 Qxb2 27. Rab1 Qd4 28. Rb7+ Kf6 29. Qh4+ Kg6 30. Qg4+ Kf6 31. Qh4+ Kg6 32. Qe7 Qd5 33. Rd7 Rd8 34. Qf7+ 1-0